 Dungeon Crawl Stone Soup version 0.16.2-12-gd0ad4c3 (webtiles) character file.

19181 podpalacz the Cleaver (level 12, -6/111 HPs)
             Began as a Minotaur Fighter on Oct 2, 2015.
             Was a High Priest of the Shining One.
             Killed by divine providence
             ... invoked by Saint Roka
              (16 damage)
             ... on level 4 of the Orcish Mines.
             The game lasted 01:02:03 (14461 turns).

podpalacz the Cleaver (Minotaur Fighter)           Turns: 14461, Time: 01:02:03

Health: -6/111     AC: 23    Str: 23    XL:     12   Next: 34%
Magic:  5/5        EV: 11    Int:  8    God:    the Shining One [*****.]
Gold:   1516       SH: 13    Dex: 13    Spells: 0 memorised, 11 levels left

rFire  . . .     SeeInvis .     N - +6 war axe
rCold  . . .     Clarity  .     D - +6 chain mail of Vaoxt {Int+3}
rNeg   + + .     SustAb   .     c - +0 shield
rPois  .         Gourm    .     m - +2 hat
rElec  .         Spirit   .     (no cloak)
rCorr  .         Warding  .     Q - +2 pair of gloves
rMut   .         Stasis   .     (no boots)
MR     +....                    (no amulet)
Stlth  ..........               L - ring of protection from magic
                                i - ring of flight

@: glowing, somewhat resistant to hostile enchantments, extremely unstealthy
A: retaliatory headbutt, horns 2
a: Divine Shield, Cleansing Flame, Summon Divine Warrior, Renounce Religion,
Evoke Flight


You were on level 4 of the Orcish Mines.
You worshipped the Shining One.
The Shining One was extremely pleased with you.
You were not hungry.

You visited 3 branches of the dungeon, and saw 16 of its levels.

You collected 1915 gold pieces.
You spent 399 gold pieces at shops.

Inventory:

Hand weapons
 N - a +6 war axe (weapon)
Armour
 c - a +0 shield (worn)
 m - a +2 hat (worn)
 D - the +6 chain mail of Vaoxt (worn) {Int+3}
   (You found it on level 5 of the Dungeon)

   It affects your intelligence (+3).
 Q - a +2 pair of gloves (worn)
Jewellery
 i - a ring of flight (left hand)
 L - a ring of protection from magic (right hand)
Magical devices
 s - a wand of fireball (7)
 H - a wand of draining (8)
 O - a wand of disintegration (14)
 P - a wand of cold (0)
Scrolls
 f - 2 scrolls of magic mapping {unknown}
 h - a scroll of fear {unknown}
 n - 3 scrolls of enchant armour {unknown}
 u - a scroll of enchant weapon
 y - a scroll of teleportation {unknown}
 C - 2 scrolls of amnesia {unknown}
 F - a scroll of torment {unknown}
Potions
 d - 2 potions of flight {unknown}
 e - 3 potions of might
 k - a potion of degeneration {unknown}
 l - 3 potions of resistance
 p - 3 potions of mutation {unknown}
 q - a potion of invisibility {unknown}
 t - a potion of berserk rage {unknown}
 w - 3 potions of cancellation {unknown}
 x - 2 potions of restore abilities {unknown}
 A - a potion of brilliance {unknown}
 E - 3 potions of heal wounds {unknown}
 G - 2 potions of haste
 I - a potion of poison {unknown}
 J - a potion of lignification {unknown}
Books
 v - a book of Ice

   Spells                             Type                      Level
   a - Ice Form                       Ice/Transmutation            4
   b - Metabolic Englaciation         Hexes/Ice                    5
   c - Ozocubu's Refrigeration        Ice                          6
   d - Bolt of Cold                   Conjuration/Ice              6
   e - Freezing Cloud                 Conjuration/Ice/Air          6
   f - Simulacrum                     Ice/Necromancy               6
Comestibles
 g - a meat ration
 z - 8 slices of pizza


   Skills:
 + Level 11.7 Fighting
 + Level 13.3 Axes
 + Level 11.0 Armour
 + Level 6.9 Dodging
 + Level 1.8 Stealth
 + Level 11.4 Shields


You had 11 spell levels left.
You didn't know any spells.

Dungeon Overview and Level Annotations

Branches:
Dungeon (11/15)            Temple (1/1) D:6            Lair (0/8) D:8
    Orc (4/4) D:11
    Elf: Orc:3-4

Altars:
Ashenzari
Cheibriados
Dithmenos
Elyvilon
Fedhas
Gozag
Kikubaaqudgha
Makhleb
Nemelex Xobeh
Okawaru
Qazlal
Ru
Sif Muna
Trog
Vehumet
Xom
Yredelemnul
Zin
The Shining One
Beogh

Shops:
D:5 !   D:7 ?   D:8 *   D:9 [:*[

Annotations:
Orc:4 Saint Roka


Innate Abilities, Weirdness & Mutations

You reflexively headbutt those who attack you in melee.
You have a pair of horns on your head.


Message History

Something smites you! The Shining One protects you from harm!
Unknown command.
You hit Saint Roka.
Saint Roka is moderately wounded.
Unknown command.
Your shield and chain mail of Vaoxt prevent you from hitting Saint Roka.
Saint Roka is moderately wounded.
Saint Roka hits you but does no damage.
Unknown command.
You slice Saint Roka!!
Saint Roka is heavily wounded.
Saint Roka calls down the wrath of Beogh upon you.
Something smites you! The Shining One protects you from harm!
You slash Saint Roka! Your headbutt misses Saint Roka.
Saint Roka is heavily wounded.
Saint Roka calls down the wrath of Beogh upon you.
Something smites you!
You die...

....# ..#.## #..## ## #...#
..#.##.### ##...## # .........###
##.....####.#.# ..........#.#
###........#.....#
..)......#...###...........#...#.
.)).........#.#.................#
..[............[.................
.)............<)@o..............#
..............[#[............#.#
....#.....#..[##...........)..##
.............#..(........$.....##
#............................).[#
................(...........)..[.
.....#...........(......####..#).
........................# ####.[
...................(....# #8)


You could see Saint Roka.

Vanquished Creatures
  Gastronok (Orc:2)
  Josephine (D:11)
  An orc high priest (Orc:4)
  The ghost of Musteatbrain the Destroyer, an experienced DsWz of Vehumet (D:9)
  2 unseen horrors
  A hill giant (D:11)
  3 orc knights
  3 orc sorcerers (Orc:4)
  2 centaur zombies (D:11)
  An ugly thing (D:11)
  Maurice (D:11)
  A fire drake (D:8)
  A troll (Orc:4)
  Prince Ribbit (D:7)
  A two-headed ogre (D:11)
  A shadow (D:11)
  A deep elf mage (D:10)
  A steam dragon (D:8)
  5 wraiths (D:11)
  A hungry ghost (D:10)
  4 hippogriffs
  2 wargs (Orc:1)
  A water moccasin (D:11)
  35 orc warriors
  A phantom (D:7)
  A wasp (D:11)
  An ice beast (D:7)
  The ghost of bearone the Sneak, an average HuAs (D:3)
  3 centaurs
  10 ogres
  A crocodile (D:10)
  Sigmund (D:3)
  4 sky beasts
  5 giant frogs
  A troll zombie (Orc:4)
  3 wights (D:9)
  3 goliath beetles
  A giant frog zombie (D:11)
  4 crimson imps
  21 orc priests
  3 hounds
  A jelly (D:8)
  7 worker ants
  4 iguanas
  33 orc wizards
  Jessica (D:3)
  A hound skeleton (D:3)
  A hound zombie (D:11)
  2 worker ant zombies
  18 adders
  11 gnolls
  4 shadow imps
  2 giant mites
  5 worms
  An adder zombie (D:5)
  An orc skeleton (Orc:4)
  7 giant geckos
  2 oozes
  176 orcs
  5 ball pythons
  11 bats
  A bat skeleton (D:8)
  A bat zombie (D:7)
  7 giant cockroaches
  15 hobgoblins
  13 jackals
  15 kobolds
  2 quokkas
  A giant gecko zombie (D:3)
  3 giant newts
  A giant spore (D:11)
  24 goblins
  2 jackal zombies
  4 orc zombies
  12 rats
  7 ballistomycetes
537 creatures vanquished.

Vanquished Creatures (others)
  A shadow imp (D:11)
  2 orcs (D:7)
  2 giant spores
5 creatures vanquished.

Grand Total: 542 creatures vanquished

Notes
Turn   | Place    | Note
--------------------------------------------------------------
     0 | D:1      | podpalacz, the Minotaur Fighter, began the quest for the Orb.
     0 | D:1      | Reached XP level 1. HP: 19/19 MP: 1/1
   127 | D:1      | Reached XP level 2. HP: 27/27 MP: 1/1
   151 | D:1      | Reached skill level 4 in Shields
   672 | D:2      | Reached XP level 3. HP: 30/33 MP: 2/2
   930 | D:2      | Reached skill level 1 in Dodging
   930 | D:2      | Reached XP level 4. HP: 40/40 MP: 2/2
  1287 | D:3      | Noticed Jessica
  1305 | D:3      | Killed Jessica
  1354 | D:3      | Reached skill level 5 in Shields
  1417 | D:3      | Reached XP level 5. HP: 4/46 MP: 2/2
  1698 | D:3      | Noticed bearone's ghost (average HuAs)
  1713 | D:3      | Killed bearone's ghost
  1713 | D:3      | Reached skill level 5 in Armour
  1992 | D:3      | Found a white marble altar of Elyvilon.
  1993 | D:3      | Noticed Sigmund
  2013 | D:3      | Killed Sigmund
  2013 | D:3      | Reached XP level 6. HP: 51/53 MP: 3/3
  2641 | D:4      | Found a burning altar of Makhleb.
  2646 | D:4      | Found an ancient bone altar of Kikubaaqudgha.
  2647 | D:4      | Found an opulent altar of Gozag.
  2648 | D:4      | Found a basalt altar of Yredelemnul.
  2848 | D:4      | Found a shattered altar of Ashenzari.
  3422 | D:5      | Entered Level 5 of the Dungeon
  3455 | D:5      | Got a shimmering chain mail
  3456 | D:5      | Identified the +6 chain mail of Vaoxt {Int+3} (You found it on level 5 of the Dungeon)
  3796 | D:5      | Reached skill level 5 in Fighting
  3796 | D:5      | Reached XP level 7. HP: 57/61 MP: 3/3
  3945 | D:5      | Found Suwel's Distillery.
  4101 | D:6      | Found a staircase to the Ecumenical Temple.
  4322 | D:6      | Reached skill level 5 in Axes
  4322 | D:6      | Reached skill level 6 in Armour
  4531 | Temple   | Entered the Ecumenical Temple
  4616 | Temple   | Became a worshipper of the Shining One
  5030 | D:6      | Reached XP level 8. HP: 51/70 MP: 3/3
  5544 | D:7      | Found an iron altar of Okawaru.
  5672 | D:7      | Noticed Prince Ribbit
  5674 | D:7      | Found Paevaesh's Magic Scroll Emporium.
  5731 | D:7      | Killed Prince Ribbit
  5731 | D:7      | Reached skill level 7 in Armour
  5761 | D:7      | Bought a scroll of identify for 26 gold pieces
  5761 | D:7      | Bought a scroll of enchant weapon for 97 gold pieces
  5761 | D:7      | Bought a scroll of enchant weapon for 97 gold pieces
  5761 | D:7      | Bought a scroll of remove curse for 39 gold pieces
  6318 | D:8      | Noticed a fire drake
  6318 | D:8      | Found a staircase to the Lair.
  6655 | D:8      | Killed a fire drake
  6655 | D:8      | Reached XP level 9. HP: 22/79 MP: 4/4
  7238 | D:8      | Acquired the Shining One's first power
  7246 | D:8      | Reached skill level 5 in Dodging
  7246 | D:8      | Reached skill level 1 in Stealth
  7267 | D:8      | Reached skill level 8 in Axes
  7415 | D:8      | Found Ligep's General Store.
  7420 | D:8      | Bought a potion of haste for 140 gold pieces
  7639 | D:9      | Found a radiant altar of Vehumet.
  7646 | D:9      | Noticed Musteatbrain's ghost (experienced DsWz)
  7662 | D:9      | Killed Musteatbrain's ghost
  7706 | D:9      | Found Raxuh's Assorted Antiques.
  7841 | D:9      | Reached skill level 9 in Axes
  7889 | D:9      | Found Aluitt's Armour Shoppe.
  8042 | D:9      | Reached XP level 10. HP: 72/88 MP: 4/4
  8078 | D:9      | Found Ehior's Book Emporium.
  8104 | D:9      | Found Saaqu's Armour Boutique.
  8360 | D:10     | Entered Level 10 of the Dungeon
  8538 | D:10     | Noticed an unseen horror
  8543 | D:10     | Killed an unseen horror
  8567 | D:10     | Acquired the Shining One's second power
  8957 | D:11     | Noticed a red ugly thing
  8968 | D:11     | Killed a red ugly thing
  8968 | D:11     | Reached skill level 10 in Axes
  9133 | D:11     | Found a staircase to the Orcish Mines.
  9288 | D:11     | Noticed an unseen horror
  9291 | D:11     | Noticed a hill giant
  9292 | D:11     | Noticed Josephine
  9303 | D:11     | Killed an unseen horror
  9309 | D:11     | Killed a hill giant
  9317 | D:11     | Killed Josephine
  9317 | D:11     | Reached skill level 11 in Axes
  9317 | D:11     | Reached skill level 10 in Shields
  9317 | D:11     | Reached XP level 11. HP: 97/99 MP: 4/4
  9362 | D:11     | Noticed Maurice
  9381 | D:11     | Killed Maurice
  9677 | D:11     | Reached skill level 10 in Fighting
 10068 | Orc:1    | Entered Level 1 of the Orcish Mines
 10087 | Orc:1    | Reached skill level 10 in Armour
 10491 | Orc:1    | Reached skill level 12 in Axes
 10919 | Orc:2    | Noticed Gastronok
 10949 | Orc:2    | Killed Gastronok
 11781 | Orc:4    | Entered Level 4 of the Orcish Mines
 11997 | Orc:4    | Acquired the Shining One's third power
 12162 | Orc:4    | Noticed an orc high priest
 12171 | Orc:4    | Noticed a soul eater
 12174 | Orc:4    | Killed an orc high priest
 12492 | Orc:4    | Reached XP level 12. HP: 105/110 MP: 5/5
 12504 | Orc:4    | Noticed Saint Roka
 12844 | Orc:4    | Found a roughly hewn altar of Beogh.
 13148 | Orc:4    | Reached skill level 13 in Axes
 13840 | Orc:4    | Acquired the Shining One's fourth power
 14457 | Orc:4    | The Shining One protects you from harm!
 14460 | Orc:4    | The Shining One protects you from harm!
 14461 | Orc:4    | Killed from afar by Saint Roka

Action                   |  1- 3 |  4- 6 |  7- 9 | 10-12 || total
-------------------------+-------+-------+-------+-------++-------
Melee: War axe           |   113 |   202 |   309 |   636 ||  1260
  Use: Scroll            |       |     2 |     3 |     3 ||     8
       Potion            |       |       |       |     6 ||     6
  Eat: Bread ration      |       |     2 |     2 |     4 ||     8
       Royal jelly       |       |       |     1 |     1 ||     2
       Meat ration       |       |       |     1 |       ||     1
       Pizza             |       |       |       |     1 ||     1
